 Dungeon Crawl Stone Soup version 0.26-a0-844-g3dd439832f (webtiles) character file.

Game seed: 4374167953502704123

7533 jestyr24 the Cleaver (level 10, -5/96 HPs)
             Began as a Minotaur Berserker on Nov 18, 2020.
             Was a High Priest of Trog.
             Slain by an ice dragon (9 damage)
             ... on level 10 of the Dungeon.
             The game lasted 00:43:28 (10293 turns).

jestyr24 the Cleaver (Minotaur Berserker)          Turns: 10293, Time: 00:43:29

Health: -5/96      AC: 14    Str: 24    XL:     10   Next: 96%
Magic:  9/9        EV: 12    Int:  4    God:    Trog [*****.]
Gold:   478        SH:  0    Dex: 11    Spells: 9/9 levels left

rFire    . . .     SeeInvis .   E - +5 war axe (flame)
rCold    . . .     Faith    .   (no shield)
rNeg     . . .     Spirit   .   g - +0 scale mail
rPois    .         Reflect  .   (helmet restricted)
rElec    .         Harm     .   k - scarf {shadows}
rCorr    .         Rampage  .   i - +1 pair of gloves
MR       +....                  J - +2 pair of boots
Stlth    ..........             F - amulet of regeneration
HPRegen  0.66/turn              a - ring of protection from magic
MPRegen  0.11/turn              (no ring)

@: no status effects
A: retaliatory headbutt, horns 2
a: Berserk, Trog's Hand, Brothers in Arms, Renounce Religion


You were on level 10 of the Dungeon.
You worshipped Trog.
Trog was extremely pleased with you.
You visited 1 branch of the dungeon, and saw 10 of its levels.
You also visited: Sewer and Ossuary.

You collected 604 gold pieces.
You spent 126 gold pieces at shops.

Inventory:

Hand Weapons
 y - a +3 war axe
 D - a +4 vampiric hand axe
 E - a +5 war axe of flaming (weapon)
 K - a +1 great mace of draining
Missiles
 s - 7 atropa-tipped darts (quivered)
Armour
 g - a +0 scale mail (worn)
 i - a +1 pair of gloves (worn)
 j - a +0 cloak
 k - a scarf of shadows (worn)
 H - a scarf of shadows
 J - a +2 pair of boots (worn)
Jewellery
 a - a ring of protection from magic (left hand)
 B - an uncursed amulet of reflection {unknown}
 F - an amulet of regeneration (around neck)
Wands
 c - a wand of flame (38)
Scrolls
 d - 4 scrolls of remove curse
 e - 3 scrolls of fear
 f - 8 scrolls of identify
 m - 2 scrolls of magic mapping
 n - 2 scrolls of blinking
 r - 2 scrolls of silence {unknown}
 t - 2 scrolls of immolation
 u - a scroll of fog
 v - 2 scrolls of enchant armour
 w - 7 scrolls of teleportation
 C - 2 scrolls of noise
Potions
 b - 4 potions of might {unknown}
 h - a potion of haste
 l - 7 potions of curing {unknown}
 o - 3 potions of flight {unknown}
 p - 4 potions of attraction {unknown}
 q - 2 potions of resistance {unknown}
 x - 3 potions of ambrosia {unknown}
 z - a potion of heal wounds {unknown}
 A - 3 potions of lignification {unknown}
 I - a potion of invisibility {unknown}


   Skills:
 - Level 11.3 Fighting
 + Level 12.6 Axes
 - Level 10.5 Armour
 - Level 5.4 Dodging
 - Level 0.4 Stealth


You had 9 spell levels left.
You didn't know any spells.
Your spell library contained the following spells:

 Spells                   Type           Power        Failure   Level
 Magic Dart               Conj           #...         75%         1
 Blink                    Tloc           N/A          87%         2
 Call Imp                 Summ           #.......     87%         2
 Slow                     Hex            #.......     87%         2
 Confusing Touch          Hex            #.......     98%         3
 Conjure Flame            Conj/Fire      #.......     98%         3
 Gell's Gravitas          Tloc           #.........   98%         3
 Mephitic Cloud           Conj/Pois/Air  #.......     98%         3
 Petrify                  Tmut/Erth      #.......     100%        4
 Metabolic Englaciation   Hex/Ice        #.........   100%        5
 Yara's Violent Unravell  Hex/Tmut       #.........   100%        5


Dungeon Overview and Level Annotations

Branches:
Dungeon (10/15)            Temple (0/1) D:4             Orc (0/2) D:10
  Sewer (visited)         Ossuary (visited)
   Lair: D:8-11

Altars:
Fedhas
Hepliaklqana
Sif Muna
Trog
Uskayaw
Wu Jian

Shops:
D:4 (   D:7 =


Innate Abilities, Weirdness & Mutations

You reflexively headbutt those who attack you in melee.
You have a pair of horns on your head.


Message History

Ouch! That really hurt!
* * * LOW HITPOINT WARNING * * *
You barely miss the ice dragon. Your headbutt misses the ice dragon.
The ice dragon is heavily wounded.
The ice dragon misses you.
The ice dragon claws you but does no damage.
The ice dragon completely misses you.
You slash the ice dragon! You burn the ice dragon. You headbutt the ice dragon.
The ice dragon is severely wounded.
The ice dragon bites you.
* * * LOW HITPOINT WARNING * * *
The ice dragon claws you!
* * * LOW HITPOINT WARNING * * *
The ice dragon misses you.
You slash the ice dragon! You burn the ice dragon.
The ice dragon is almost dead.
You hit the ice dragon. You burn the ice dragon.
The ice dragon is almost dead.
The ice dragon bites you!
You die...

#...≈≈≈≈≈#
#...≈≈≈≈≈#
#≈.≈≈≈≈≈≈#
#≈≈≈≈≈..≈#
#≈≈≈.....#
#≈≈......#
#....D...#
#....@..##
##......#
#......#
..#...
##....##
......
##..##
......
#.†# .....
##.# #...
#.# #...
#.##
######...


You could see an ice dragon.

Vanquished Creatures
  Urug (D:10)
  A cyclops (D:8)
  Grinder (D:5)
  5 yaks (D:10)
  Menkaure (D:6)
  Duvessa (D:4)
  A water moccasin (D:10)
  3 orc warriors
  An ice beast (D:5)
  3 sky beasts
  Purgy (Sewer)
  3 phantoms
  5 centaurs
  2 necrophages
  7 ogres
  6 bullfrogs
  A gnoll sergeant (D:8)
  Dowan (D:4)
  8 wights
  4 howler monkeys
  4 centaur zombies (Ossuary)
  3 bullfrog zombies
  2 quasits
  4 jellies
  4 hounds
  8 human zombies (Ossuary)
  12 orc wizards
  A gnoll shaman (D:10)
  5 orc priests
  2 centaur skeletons
  4 iguanas
  3 bullfrog skeletons
  5 worker ants
  A hound zombie (D:10)
  2 hound skeletons
  3 mummies (Ossuary)
  A worker ant zombie (D:8)
  6 gnolls
  A howler monkey skeleton (D:5)
  16 adders
  A river rat (D:3)
  2 shadow imps
  2 white imps
  5 ufetubi
  An ooze (D:1)
  6 worms
  A dart slug (D:3)
  4 leopard geckos
  34 orcs
  3 ball pythons
  6 giant cockroaches
  11 goblins
  6 hobgoblins
  12 jackals
  4 quokkas
  10 bats
  9 frilled lizards
  9 kobolds
  A quokka skeleton (D:5)
  A quokka zombie (D:5)
  11 rats
282 creatures vanquished.

Vanquished Creatures (others)
  A fungus (D:8)
1 creature vanquished.

Grand Total: 283 creatures vanquished

Notes
Turn   | Place    | Note
-------+----------+-------------------------------------------
     0 | D:1      | jestyr24 the Minotaur Berserker began the quest for the
                  | Orb.
     0 | D:1      | Reached XP level 1. HP: 19/19 MP: 0/0
   131 | D:1      | Reached XP level 2. HP: 21/27 MP: 1/1
   204 | D:1      | Reached skill level 4 in Axes
   913 | D:1      | Reached XP level 3. HP: 33/33 MP: 2/2
   933 | D:1      | Reached ** piety under Trog
  1610 | D:2      | Reached skill level 5 in Axes
  1697 | D:2      | Reached XP level 4. HP: 40/40 MP: 3/3
  2207 | D:3      | Found a hazy altar of Hepliaklqana.
  2266 | D:3      | Found a hide-covered altar of Uskayaw.
  2287 | D:3      | Reached *** piety under Trog
  2509 | D:3      | Reached XP level 5. HP: 44/47 MP: 4/4
  2523 | D:3      | Found a glowing drain.
  2527 | Sewer    | Entered a sewer
  2631 | Sewer    | Noticed Purgy
  2647 | Sewer    | Killed Purgy
  2648 | Sewer    | Reached skill level 6 in Axes
  2932 | D:3      | Reached skill level 5 in Fighting
  2932 | D:3      | Reached XP level 6. HP: 48/56 MP: 5/5
  3392 | D:4      | Reached XP level 7. HP: 62/62 MP: 6/6
  3508 | D:4      | Reached skill level 5 in Armour
  3585 | D:4      | Found a staircase to the Ecumenical Temple.
  3643 | D:4      | Noticed Duvessa
  3644 | D:4      | Noticed Dowan
  3649 | D:4      | Killed Duvessa
  3650 | D:4      | Reached skill level 7 in Axes
  3657 | D:4      | Killed Dowan
  3812 | D:4      | Found Zubb's Antique Weapon Emporium.
  3815 | D:4      | Bought a runed hand axe for 126 gold pieces
  3904 | D:5      | Entered Level 5 of the Dungeon
  3983 | D:5      | Noticed Grinder
  3993 | D:5      | Reached XP level 8. HP: 71/71 MP: 7/7
  3994 | D:5      | Reached **** piety under Trog
  4003 | D:5      | Killed Grinder
  4004 | D:5      | Reached skill level 8 in Axes
  5027 | D:6      | Reached skill level 9 in Axes
  5459 | D:6      | Noticed Menkaure
  5466 | D:6      | Killed Menkaure
  5467 | D:6      | Reached XP level 9. HP: 67/81 MP: 8/8
  5599 | D:6      | Found an ornate altar of the Wu Jian Council.
  5607 | D:6      | Found a shimmering blue altar of Sif Muna.
  5801 | D:6      | Reached ***** piety under Trog
  6225 | D:7      | Found Egysm's Jewellery Emporium.
  6762 | D:7      | Reached skill level 10 in Axes
  7380 | D:8      | Found a sand-covered staircase.
  7386 | Ossuary  | Entered an ossuary
  7513 | Ossuary  | Reached skill level 5 in Dodging
  7541 | Ossuary  | Received a gift from Trog
  7944 | D:8      | Reached XP level 10. HP: 80/91 MP: 9/9
  8152 | D:8      | Got a bloodstained robe
  8153 | D:8      | Identified the cursed +0 robe of Baldness {rPois} (You
                  | found it on level 8 of the Dungeon)
  8216 | D:8      | Noticed a cyclops
  8226 | D:8      | Killed a cyclops
  8227 | D:8      | Reached skill level 11 in Axes
  8642 | D:8      | Found a blossoming altar of Fedhas.
  8749 | D:8      | Found a bloodstained altar of Trog.
  9078 | D:9      | Reached skill level 10 in Armour
  9220 | D:9      | Reached skill level 10 in Fighting
  9530 | D:10     | Entered Level 10 of the Dungeon
  9916 | D:10     | Noticed Urug
  9925 | D:10     | Killed Urug
  9925 | D:10     | Received a gift from Trog
  9926 | D:10     | Reached skill level 12 in Axes
 10150 | D:10     | Found a staircase to the Orcish Mines.
 10284 | D:10     | Noticed an ice dragon
 10291 | D:10     | HP: 3/96 [ice dragon (9)]
 10293 | D:10     | Slain by an ice dragon

Illustrated notes

Levels and vault maps discovered:
D:1:      lordsloth_arrival_two_stooges, layout_loops_corners
D:2:      layout_basic
D:3:      layout_loops_ring, lemuel_doored_altar, lemuel_crystal_altar,
          gup_sewer_entry_bowl
D:4:      layout_rooms, minmay_temple_entry_mist, serial_shops,
          kennysheep_mini_moat, minmay_liquid_box, uniq_duvessa
D:5:      layout_rooms, minmay_joined_circles, uniq_grinder
D:6:      layout_basic, amethyst_overflow_temple_binary, uniq_menkaure
D:7:      layout_layer_cave, serial_shops, shop_fountains
D:8:      layout_cave_pools, fedhas_altar_3, lightli_temple_of_fire,
          lightli_ossuary_entry_decrepit_ruins
D:9:      layout_roguey
D:10:     dragon1_lemuel, layout_grid_maze, erik_lair_orcish_takeover,
          orc_0_dummy, uniq_urug

Skill      XL: |  1  2  3  4  5  6  7  8  9 10 |
---------------+-------------------------------+-----
Axes           | 4 5 6 7 9 10 12 | 12.6
Fighting       | 4 5 6 8 9 11 | 11.3
Dodging        | 3 4 5 |  5.4
Armour         | 3 4 6 7 9 10 | 10.5
Stealth        | |  0.4

Action                   |  1- 3 |  4- 6 |  7- 9 | 10-12 || total
-------------------------+-------+-------+-------+-------++-------
Melee: Hand axe          |    93 |   147 |   376 |       ||   616
       Headbutt          |    19 |    27 |    98 |    28 ||   172
       War axe           |       |       |    28 |   144 ||   172
Throw: Dart              |       |       |     4 |       ||     4
Invok: Berserk           |       |     3 |     1 |     1 ||     5
  Use: Scroll            |       |     3 |     2 |    11 ||    16
Armor: Animal skin       |    17 |       |       |       ||    17
       Scale mail        |     6 |    99 |   134 |    62 ||   301
Dodge: Dodged            |    63 |   102 |   178 |    48 ||   391

Table legend: (Time is in decaauts)
 A = Elapsed time spent in this place.
 B = Non-inter-level travel time spent in this place.
 C = Inter-level travel time spent in this place.
 D = Time resting spent in this place.
 E = Time spent auto-exploring this place.
 F = Levels seen in this place.
 G = Mean time per level.
                   A        B        C        D        E       F      G
               +--------+--------+--------+--------+--------+-----+--------+
         Total |  10283 |   9911 |    372 |   1601 |   5235 |  12 |  856.9 |
       Dungeon |   9944 |   9572 |    372 |   1601 |   5235 |  10 |  994.4 |
         Sewer |    175 |    175 |      0 |      0 |      0 |   1 |  175.0 |
       Ossuary |    163 |    163 |      0 |      0 |      0 |   1 |  163.0 |
               +--------+--------+--------+--------+--------+-----+--------+

Top non-repeatable levels by time:
     D:7: 1329 daAuts
     D:8: 1293 daAuts
     D:1: 1225 daAuts
     D:6: 1125 daAuts
     D:3: 1057 daAuts
     D:5: 962 daAuts
     D:2: 953 daAuts
    D:10: 759 daAuts
     D:9: 691 daAuts
     D:4: 545 daAuts
   Sewer: 175 daAuts
 Ossuary: 163 daAuts
